Map: Traitor's Exile

Players

DiasRazor - Winner!

  • Race: Protoss Protoss
  • Spawn Location: 9:00

Strongman - Winner!

  • Race: Terran Terran
  • Spawn Location: 12:00

A.I. 2 (Hard)

  • Race: Terran Terran
  • Spawn Location: 5:00

A.I. 3 (Hard)

  • Race: Zerg Zerg
  • Spawn Location: 6:00

VOD

Have the link to the VOD?

Description

Time

  • Played on: Feb. 12, 2019, 4:40 p.m.
  • Length: 37:00
Show
View Real Time Build Order
Export as new Build Order

DiasRazor Protoss - Winner!

Build Orders:  

Get SALT Encoding   

  12  0:01  Probe  
  13  0:22  Probe  
  13  0:26  Pylon  
  14  0:31  Probe  
  15  0:40  Assimilator  
  15  0:44  Probe  
  16  1:03  Gateway  
  16  1:07  Probe  
  17  1:15  Probe  
  17  1:25  Probe  
  19  1:42  Nexus  
  19  1:54  Cybernetics Core  
  19  2:15  Zealot  
  21  2:31  Pylon  
  21  2:34  Zealot  
  23  2:46  Assimilator  
  23  3:09  Stargate  
  23  3:19  Protoss Air Weapons Level 1  
  23  3:24  Probe  
  23  3:32  Probe  
  25  3:42  Probe  
  26  3:53  Void Ray  
  26  3:54  Probe  
  31  4:06  Probe  
  32  4:17  Assimilator  
  32  4:22  Assimilator  
  32  4:30  Probe  
  33  4:38  Probe  
  34  4:47  Probe  
  35  5:00  Void Ray  
  35  5:03  Protoss Air Armor Level 1  
  39  5:19  Fleet Beacon  
  39  5:29  Stargate  
  39  5:32  Stargate  
  39  5:56  Tempest  
  44  6:11  Nexus  
  44  6:31  Pylon  
  44  6:37  Pylon  
  44  6:49  Mothership  
  52  6:54  Void Ray x2  
  48  7:29  Tempest  
  53  7:37  Tempest  
  58  8:25  Pylon  
  58  8:35  Tempest  
  58  8:36  Tempest  
  68  8:42  Tempest  
  68  8:43  Probe  
  74  8:54  Probe  
  75  9:02  Probe  
  76  9:10  Probe  
  76  9:16  Assimilator  
  77  9:20  Assimilator  
  77  9:36  Protoss Air Weapons Level 2  
  77  10:12  Pylon  
  77  10:14  Pylon  
  77  10:18  Pylon  
  77  10:21  Shield Battery  
  77  10:24  Shield Battery  
  77  10:26  Shield Battery  
  77  10:30  Probe  
  78  10:42  Probe  
  70  10:54  Probe  
  71  11:40  Tempest x3  
  86  11:50  Probe  
  87  11:58  Probe  
  87  12:08  Probe  
  89  12:57  Protoss Air Weapons Level 3  
  89  14:35  Forge  
  89  14:39  Protoss Shields Level 1  
  89  15:03  Protoss Air Armor Level 2  
  89  16:35  Twilight Council  
  89  17:04  Protoss Shields Level 2  
  89  17:06  Pylon x2  
  89  17:10  Pylon x2  
  89  17:12  Pylon  
  89  17:13  Protoss Air Armor Level 3  
  89  17:24  Tempest x3  
  92  18:07  Tempest x3  
  107  18:29  Mothership  
  115  18:49  Tempest  
  115  18:50  Tempest x2  
  130  19:46  Pylon  
  130  19:47  Pylon  
  130  19:48  Pylon x2  
  130  19:51  Pylon  
  130  19:53  Pylon  
  130  19:54  Pylon  
  130  19:55  Pylon  
  130  20:04  Tempest x3  
  145  20:47  Tempest x3  
  160  21:45  Protoss Shields Level 3  
  160  21:53  Tempest  
  160  21:54  Tempest x2  
  175  22:31  Pylon  
  175  22:34  Pylon  
  175  22:36  Tempest x2  
  185  22:37  Pylon, Tempest  
  190  22:54  Shield Battery  
  190  22:56  Shield Battery  
  190  22:59  Shield Battery  
  190  23:02  Shield Battery  
  190  23:04  Shield Battery  
  190  23:06  Shield Battery  
  190  23:08  Shield Battery  
  190  23:19  Tempest x2  
  200  24:18  Pylon  
  182  33:01  Mothership  
  182  33:04  Tempest  
  195  33:12  Pylon  
  195  33:13  Pylon  
  195  33:14  Pylon  
  195  33:15  Pylon  
  195  33:16  Pylon x2  
  195  33:30  Tempest  
  200  33:37  Tempest  
Show
View Real Time Build Order
Export as new Build Order

Strongman Terran - Winner!

Build Orders:  

Get SALT Encoding   

  12  0:02  SCV  
  13  0:14  SCV  
  14  0:26  SCV  
  14  0:27  Supply Depot  
  15  0:49  SCV  
  16  0:57  Barracks  
  16  1:01  SCV  
  16  1:02  Refinery  
  17  1:13  SCV  
  18  1:18  Refinery  
  18  1:25  SCV  
  19  1:37  SCV  
  20  1:46  Engineering Bay  
  20  1:49  SCV  
  21  2:01  SCV  
  21  2:02  Barracks Tech Lab  
  22  2:13  Supply Depot, SCV  
  23  2:18  Terran Infantry Weapons Level 1  
  23  2:35  SCV, Marine  
  25  2:47  SCV  
  26  2:53  Marine  
  27  2:59  SCV  
  27  3:00  Command Center  
  28  3:10  Marine  
  28  3:11  SCV  
  30  3:23  SCV  
  31  3:41  Supply Depot  
  31  3:54  Orbital Command  
  31  4:03  Marine  
  32  4:12  Terran Infantry Armor Level 1  
  32  4:13  Supply Depot  
  32  4:20  Marine  
  33  4:24  Refinery, SCV  
  34  4:36  Supply Depot, SCV  
  35  4:42  Missile Turret  
  35  4:58  Supply Depot  
  35  4:59  Marine  
  36  5:00  Ghost Academy  
  36  5:07  Orbital Command  
  36  5:14  Bunker  
  36  5:17  Marine  
  36  5:20  SCV  
  36  5:21  Supply Depot  
  38  5:33  SCV  
  39  5:45  SCV  
  39  5:47  Refinery  
  40  5:52  Sensor Tower  
  40  5:57  SCV  
  41  6:09  SCV  
  41  6:10  Factory  
  42  6:21  Marauder, Missile Turret  
  42  6:25  SCV  
  45  6:37  SCV x2  
  47  6:43  Marauder  
  49  6:49  SCV x2  
  46  6:54  Factory  
  41  7:01  SCV x2  
  41  7:04  Marauder  
  40  7:14  SCV  
  40  7:15  Hellion  
  39  7:25  Ghost  
  39  7:26  Personal Cloaking  
  37  7:36  Hellion  
  34  7:40  Factory, Hellion  
  34  7:58  Hellion  
  36  8:01  Hellion  
  32  8:19  Hellion  
  34  8:22  Command Center  
  34  8:23  Hellion x2  
  38  8:40  Hellion  
  40  8:44  Hellion x2  
  44  8:58  Starport  
  44  9:02  Hellion  
  46  9:05  Hellion  
  46  9:06  Hellion  
  50  9:17  Missile Turret  
  50  9:23  Hellion  
  52  9:27  Hellion x2  
  56  9:45  Hellion  
  58  9:48  Hellion  
  58  9:49  Hellion  
  62  10:02  Starport Tech Lab  
  62  10:06  Hellion  
  64  10:10  Fusion Core, Hellion x2  
  68  10:22  Refinery  
  68  10:26  Refinery  
  68  10:27  Hellion  
  70  10:31  Hellion  
  70  10:33  Hellion  
  70  10:49  Hellion  
  62  10:52  Hellion  
  62  10:54  Hellion  
  58  11:06  Hi-Sec Auto Tracking  
  58  11:08  Battlecruiser  
  58  11:10  Hellion  
  66  11:14  Hellion  
  66  11:16  Hellion  
  72  11:54  Hellion  
  72  12:10  Supply Depot  
  72  12:12  Battlecruiser  
  78  12:26  Orbital Command  
  78  12:33  Supply Depot  
  78  13:12  Orbital Command, Weapon Refit  
  78  14:03  Refinery  
  78  14:05  Refinery  
  78  14:12  Supply Depot  
  78  14:32  Battlecruiser  
  78  14:36  Supply Depot  
  84  14:43  SCV  
  85  14:52  SCV  
  86  14:55  SCV  
  86  14:59  Supply Depot  
  87  15:04  SCV  
  88  15:08  SCV  
  89  15:16  SCV  
  90  15:22  Supply Depot  
  90  15:36  Battlecruiser  
  97  15:42  SCV  
  97  15:45  Supply Depot  
  97  15:46  Starport  
  97  15:55  SCV  
  97  15:56  SCV  
  99  16:07  Supply Depot  
  99  16:08  SCV  
  100  16:20  SCV  
  100  16:23  Starport  
  101  16:30  Supply Depot  
  101  16:31  Starport Tech Lab  
  101  16:32  SCV  
  102  16:40  Battlecruiser  
  102  16:44  SCV  
  109  16:52  Supply Depot  
  109  17:01  Starport  
  109  17:03  Armory  
  109  17:14  Supply Depot  
  109  17:26  Battlecruiser  
  107  17:37  Supply Depot  
  107  17:41  Starport Tech Lab x2  
  76  18:01  Supply Depot  
  75  18:15  Battlecruiser  
  75  18:16  Battlecruiser  
  87  18:24  Supply Depot  
  81  18:30  Battlecruiser  
  87  18:49  Command Center  
  87  19:08  Starport  
  87  19:19  Battlecruiser  
  87  19:21  Battlecruiser  
  99  19:35  Battlecruiser  
  99  19:36  Terran Vehicle Weapons Level 1  
  105  19:53  Barracks  
  105  20:09  Starport Tech Lab  
  105  20:24  Battlecruiser  
  105  20:26  SCV  
  112  20:38  SCV  
  113  20:43  SCV  
  114  20:50  SCV  
  114  20:55  SCV  
  110  21:07  SCV  
  98  21:22  Battlecruiser x2  
  110  21:30  Terran Vehicle And Ship Armor Level 1  
  110  21:34  Refinery  
  110  21:36  Orbital Command  
  110  21:50  Battlecruiser  
  116  22:42  Battlecruiser  
  122  23:05  Battlecruiser  
  128  23:24  Terran Ship Weapons Level 1  
  128  23:35  Battlecruiser  
  140  24:02  Battlecruiser  
  140  24:42  Battlecruiser  
  137  25:18  Terran Vehicle Weapons Level 2  
  137  25:48  Battlecruiser x2  
  143  27:03  Battlecruiser  
  143  27:04  Battlecruiser x2  
  161  27:20  Battlecruiser  
  167  28:08  Battlecruiser x2  
  185  29:03  Battlecruiser  
  185  29:32  Battlecruiser  
  191  30:23  Battlecruiser  
Show
View Real Time Build Order
Export as new Build Order

A.I. 2 (Hard) Terran 

Build Orders:  

Get SALT Encoding   

  12  0:01  SCV  
  13  0:13  SCV  
  14  0:20  Supply Depot  
  14  0:25  SCV  
  15  0:42  SCV  
  16  0:43  Barracks  
  16  0:51  Refinery  
  16  0:54  SCV  
  17  1:06  SCV  
  18  1:18  SCV  
  19  1:22  Supply Depot  
  19  1:30  SCV  
  19  1:31  Marine  
  21  1:43  Orbital Command, Barracks  
  21  1:51  Barracks Tech Lab, Refinery  
  21  2:09  Marine  
  21  2:10  Supply Depot  
  22  2:27  Marine  
  23  2:30  Marine  
  24  2:45  Marauder  
  24  2:48  Supply Depot, Marine  
  27  3:06  Marine  
  27  3:09  Marauder  
  30  3:19  Supply Depot  
  30  3:21  SCV  
  30  3:23  Marine  
  32  3:30  Marine  
  32  3:33  Engineering Bay  
  32  3:34  SCV  
  34  3:41  Marine  
  34  3:46  SCV  
  34  3:48  Marine  
  37  3:58  SCV  
  37  3:59  Marine  
  39  4:06  Marine  
  40  4:10  SCV  
  41  4:17  Marine  
  41  4:22  SCV  
  41  4:23  Marine  
  43  4:34  SCV  
  44  4:42  Marauder  
  46  5:03  Marauder  
  48  6:24  Barracks Tech Lab  
  48  6:25  Terran Infantry Weapons Level 1, Stimpack  
  48  6:26  Factory  
  48  6:30  Factory  
  48  6:34  Command Center, Supply Depot  
  48  6:36  Missile Turret  
  48  6:37  Missile Turret  
  48  6:41  Barracks  
  48  6:42  Concussive Shells  
  46  6:58  Bunker  
  46  7:01  Marine  
  39  7:09  Marine  
  39  7:10  Factory Tech Lab  
  38  7:18  Starport  
  38  7:19  Marine  
  37  7:24  Combat Shield  
  37  7:27  Marine  
  37  7:28  Starport  
  36  7:30  Factory Tech Lab, Supply Depot  
  36  7:35  Marine  
  33  7:44  Marine  
  33  7:46  SCV  
  33  7:48  SCV  
  34  7:53  Marine  
  34  7:58  Refinery, SCV  
  35  7:59  Missile Turret  
  35  8:01  Marine  
  35  8:02  Missile Turret  
  35  8:03  Refinery, Starport Tech Lab x2  
  35  8:05  SCV  
  38  8:10  SCV, Marine  
  40  8:17  SCV  
  40  8:19  Marauder  
  43  8:20  Terran Infantry Armor Level 1  
  43  8:21  Raven  
  43  8:22  SCV, Raven  
  43  8:24  Bunker  
  48  8:28  Marauder  
  48  8:29  SCV  
  51  8:34  SCV  
  51  8:40  Marauder  
  54  8:41  SCV  
  54  8:42  Sensor Tower  
  54  8:44  Siege Tank  
  54  8:47  SCV  
  59  8:53  SCV, Widow Mine  
  59  8:54  Armory  
  62  8:59  Barracks Reactor, SCV  
  63  9:06  SCV  
  64  9:11  SCV  
  64  9:14  Siege Tank  
  68  9:18  SCV, Widow Mine  
  68  9:23  SCV  
  72  9:30  SCV  
  73  10:38  Medivac x2, Marine  
  73  10:39  Terran Infantry Weapons Level 2  
  73  10:40  Terran Vehicle Weapons Level 1  
  73  10:41  Supply Depot  
  78  10:43  Marine  
  78  10:44  Engineering Bay  
  78  10:48  Marine  
  69  10:55  Command Center  
  69  10:57  Marauder  
  59  10:58  Marine  
  59  11:03  Marine  
  59  11:07  Raven  
  59  11:08  Medivac, Marine  
  59  11:09  Terran Infantry Armor Level 2  
  64  11:17  Marine  
  65  11:18  Marine  
  65  11:24  Marauder  
  68  11:29  Marine  
  68  11:32  Supply Depot  
  69  11:35  Marine  
  69  11:38  Raven  
  69  11:39  Marine  
  73  11:43  Ghost Academy  
  73  11:45  Marine  
  74  11:49  Siege Tank  
  74  11:50  Raven  
  79  11:54  Cyclone  
  79  11:58  Fusion Core  
  82  12:08  Armory, SCV  
  82  12:10  SCV  
  82  12:11  SCV  
  85  12:20  SCV  
  85  12:21  Thor, Refinery  
  85  12:22  SCV, Missile Turret  
  93  12:23  SCV  
  93  12:25  Missile Turret  
  93  12:27  Refinery  
  94  12:32  SCV  
  94  12:34  SCV, Terran Vehicle And Ship Armor Level 1  
  94  12:35  SCV  
  97  12:45  SCV  
  97  12:46  SCV  
  97  12:47  SCV  
  97  12:48  Bunker, Raven  
  100  12:55  Terran Ship Weapons Level 1  
  100  12:57  SCV  
  102  12:58  SCV  
  102  13:00  SCV, Raven  
  102  13:04  Supply Depot  
  103  13:09  SCV  
  102  13:31  Raven  
  104  14:10  SCV  
  104  14:12  Raven  
  104  14:18  Marine  
  104  14:20  Ghost, Terran Infantry Weapons Level 3, Terran Infantry Armor Level 3  
  104  14:22  Supply Depot  
  104  14:23  Marine  
  108  14:25  Marine  
  108  14:28  Terran Vehicle Weapons Level 2  
  108  14:31  Raven  
  107  14:36  Marine  
  105  14:40  Marine  
  105  14:43  Marine  
  107  14:47  Supply Depot  
  107  14:49  Marine  
  108  14:53  Ghost  
  108  14:55  Medivac  
  108  14:58  Marine  
  113  15:00  Marine  
  113  15:07  Marine  
  112  15:10  Supply Depot  
  112  15:14  Raven  
  113  15:16  Marine  
  113  15:17  Terran Vehicle And Ship Armor Level 2  
  113  15:18  Marine  
  115  15:22  Marine  
  115  15:24  Marine  
  117  15:29  Command Center  
  117  15:34  Marine  
  116  15:41  Marauder  
  118  15:43  Marauder  
  118  15:44  Raven  
  122  15:57  Raven  
  122  16:02  Marauder  
  126  16:04  Marauder  
  126  16:27  Raven  
  128  16:43  Terran Ship Weapons Level 2  
  128  16:44  Refinery  
  128  16:48  Missile Turret  
  128  16:49  Raven  
  128  16:50  Missile Turret  
  128  16:51  Refinery  
  126  17:10  Bunker, Raven  
  126  17:33  Terran Vehicle Weapons Level 3  
  126  17:36  Raven  
  128  17:37  Marine  
  106  17:52  Siege Tank  
  106  17:53  Viking  
  106  17:57  Widow Mine  
  98  18:00  Marine  
  98  18:05  Marine  
  90  18:09  Marine  
  81  18:14  Marine  
  81  18:18  Marine  
  81  18:19  Medivac  
  83  18:23  Raven, Marine  
  86  18:27  Marine  
  86  18:31  Siege Tank  
  84  18:36  Thor  
  90  18:49  Viking  
  92  19:04  Widow Mine  
  92  19:06  Medivac  
  96  19:18  Banshee  
  96  19:19  Siege Tank  
  102  19:25  Siege Tank  
  105  19:33  Terran Vehicle And Ship Armor Level 3  
  105  19:36  Viking  
  107  19:50  Thor  
  113  19:57  Neosteel Armor  
  113  20:01  Viking  
  113  20:03  Hi-Sec Auto Tracking  
  113  20:06  Medivac  
  117  20:10  Terran Ship Weapons Level 3, Rapid Reignition System  
  117  20:29  Command Center  
  117  20:31  Banshee  
  120  20:36  Raven  
  122  20:59  Marine  
  122  21:03  Marine  
  109  21:07  Marine  
  83  21:12  Marine  
  83  21:14  Medivac  
  83  21:16  Marine  
  84  21:19  Viking  
  84  21:20  Siege Tank x2  
  84  21:21  Marine  
  84  21:25  Marine  
  93  21:29  Marine  
  95  21:34  Marine  
  95  21:38  Ghost  
  96  21:43  Marine  
  96  21:44  Viking  
  99  21:47  Marine  
  99  21:49  Viking  
  99  21:52  Thor, Siege Tank, Marine  
  110  21:55  Refinery  
  110  21:59  Missile Turret  
  110  22:01  Marine  
  108  22:05  Marine  
  108  22:07  Marine  
  108  22:08  Missile Turret  
  111  22:10  Refinery, Marauder  
  111  22:14  Raven  
  115  22:19  Raven, Marine  
  118  22:23  Marine  
  118  22:25  Marine  
  120  22:30  Bunker  
  120  22:32  Marauder  
  120  22:36  Marine  
  123  22:41  Marine  
  123  22:43  Marine  
  125  22:53  Marauder  
  125  22:54  Marine  
  125  22:57  Raven  
  130  22:59  Marine  
  130  23:01  Marauder  
  133  23:12  Marine  
  134  23:14  Marine  
  134  23:16  Marine  
  136  23:20  Raven  
  136  23:22  Marine  
  137  23:31  Ghost  
  137  23:39  Raven  
  137  23:40  Marauder  
  141  24:01  Marauder  
  141  24:02  Marauder, Raven  
  145  24:22  Raven, Marauder, Marine  
  145  24:23  Marine  
  140  24:24  Marine  
  132  24:39  Marine  
  132  24:40  Marine  
  132  24:42  Ghost  
  132  24:43  Marine  
  137  24:47  Raven  
  137  24:57  Marine  
  136  25:05  Raven  
  138  25:07  Marine  
  138  25:09  Marine  
  138  25:12  Marine  
  120  25:15  Marine  
  120  25:19  Hellion  
  99  25:25  Marine  
  99  25:27  Marine  
  99  25:28  Command Center  
  99  25:30  Medivac, Marine  
  99  25:32  Hellion  
  99  25:33  Marine  
  101  25:40  Hellion  
  101  25:41  Command Center  
  99  25:43  Marauder, SCV  
  99  25:44  Missile Turret  
  99  25:45  SCV, Marine  
  99  25:47  SCV, Marine  
  99  25:48  Medivac, SCV  
  104  25:57  Command Center  
  107  26:00  Raven  
  106  26:04  Marine  
  106  26:08  Command Center  
  106  26:09  Hellion  
  106  26:11  SCV  
  103  26:15  Barracks  
  103  26:18  Viking  
  101  26:33  Sensor Tower  
  101  26:34  Command Center  
  101  26:38  Barracks  
  63  27:06  Command Center  
  41  27:22  Barracks  
  41  27:26  Barracks  
  41  27:29  Supply Depot  
  39  27:39  Barracks  
  39  28:01  Barracks  
  39  28:13  Marine  
  40  28:24  Sensor Tower, Orbital Command  
  40  28:27  Supply Depot  
  40  28:28  Refinery, Marine  
  40  28:29  Refinery  
  40  28:30  Marine  
  40  28:32  Missile Turret  
  40  28:33  Missile Turret  
  40  28:36  Missile Turret  
  39  28:46  Marine  
  39  28:47  Marine  
  41  28:48  Marine  
  41  28:50  Refinery  
  41  28:51  Engineering Bay  
  41  28:52  SCV  
  41  28:53  Refinery, Factory  
  41  28:54  SCV  
  31  28:55  SCV  
  30  29:03  Marine  
  30  29:04  SCV  
  30  29:05  Marine  
  30  29:06  Marine  
  34  29:12  Missile Turret  
  34  29:16  SCV  
  35  29:18  SCV  
  35  29:19  SCV  
  35  29:21  Marine  
  35  29:23  Marine  
  39  29:24  Marine  
  39  29:28  SCV  
  41  29:32  Command Center  
  41  29:35  Supply Depot  
  41  29:37  Hellion  
  42  29:44  SCV  
  44  29:45  SCV  
  44  29:47  SCV  
  44  29:51  Starport  
  44  29:56  SCV  
  44  29:57  SCV  
  44  29:58  Hellion  
  47  30:00  Bunker  
  47  30:03  Bunker  
  47  30:04  Barracks Tech Lab, Barracks Reactor  
  47  30:08  Ghost Academy  
  47  30:14  SCV  
  47  30:16  SCV  
  47  30:19  SCV  
  47  30:20  Armory, Hellion  
  52  30:29  Factory  
  52  30:32  SCV  
  52  30:33  Marine  
  46  30:36  Marine  
  46  30:39  Supply Depot  
  46  30:42  SCV  
  45  30:44  SCV  
  44  30:54  SCV  
  44  30:56  Command Center  
  36  30:58  Marine  
  20  31:06  SCV  
  8  31:18  SCV  
  8  31:30  SCV  
  9  31:36  Hellion  
  11  31:42  SCV  
  8  31:55  SCV  
  8  31:58  Hellion  
  11  32:18  Starport  
Show
View Real Time Build Order
Export as new Build Order

A.I. 3 (Hard) Zerg 

Build Orders: 1 Base Baneling Bust, Pool First 

Get SALT Encoding   

  12  0:01  Drone  
  13  0:12  Overlord  
  13  0:17  Drone  
  14  0:30  Drone  
  14  0:32  Drone  
  16  0:43  Spawning Pool  
  16  0:46  Drone  
  16  0:50  Drone  
  16  0:53  Extractor  
  16  0:55  Drone  
  17  1:06  Overlord  
  17  1:31  Queen, Zergling x2  
  20  1:38  Drone  
  20  1:39  Roach Warren  
  20  1:41  Extractor  
  20  1:42  Zergling x2  
  20  1:49  Drone  
  21  2:00  Drone  
  22  2:10  Overlord  
  22  2:21  Drone  
  23  2:32  Roach  
  25  2:39  Drone  
  25  2:41  Overlord  
  25  2:43  Roach  
  28  2:53  Roach  
  30  3:04  Roach  
  32  3:13  Overlord  
  32  3:15  Roach  
  34  3:26  Roach  
  36  3:36  Roach  
  38  3:43  Overlord  
  38  3:47  Drone, Roach  
  41  3:51  Drone  
  41  3:54  Drone  
  43  3:58  Roach  
  45  4:05  Drone  
  46  4:11  Baneling Nest  
  46  4:14  Drone, Roach  
  46  4:15  Drone  
  46  4:17  Drone  
  50  4:22  Evolution Chamber  
  49  4:27  Drone  
  52  4:38  Roach  
  52  4:49  Roach  
  54  6:25  Lair, Overlord, Zergling x2  
  55  6:26  Zerg Melee Weapons Level 1, Evolution Chamber  
  55  6:28  Spore Crawler  
  55  6:30  Spore Crawler  
  55  6:31  Baneling  
  52  6:37  Drone, Zergling x2  
  54  6:42  Metabolic Boost, Zergling x2  
  54  6:43  Overlord  
  54  6:46  Hatchery  
  52  6:48  Drone  
  52  6:49  Zergling x2  
  52  6:52  Zerg Ground Armor Level 1  
  52  6:54  Zergling x2  
  52  7:00  Zergling x2  
  50  7:06  Baneling, Zergling x2  
  51  7:22  Burrow  
  51  7:24  Spine Crawler  
  51  7:26  Spire  
  49  7:31  Spine Crawler  
  49  7:32  Drone  
  49  7:34  Overseer  
  49  7:43  Overseer  
  49  7:57  Queen  
  49  7:58  Drone  
  52  7:59  Drone  
  52  8:01  Drone  
  46  8:07  Drone  
  46  8:12  Spore Crawler  
  36  8:13  Drone  
  36  8:16  Drone  
  38  8:20  Drone, Zerg Missile Weapons Level 1  
  38  8:21  Drone  
  38  8:23  Drone  
  38  8:24  Drone  
  38  8:26  Drone  
  43  8:28  Drone  
  43  8:31  Drone  
  43  8:32  Drone  
  46  8:34  Drone  
  46  8:35  Drone  
  46  8:37  Drone  
  49  8:43  Drone  
  49  8:46  Drone  
  51  8:53  Mutalisk  
  53  8:58  Spore Crawler  
  53  8:59  Mutalisk, Drone  
  55  9:03  Queen  
  55  9:05  Mutalisk  
  59  9:10  Hydralisk Den, Drone  
  59  9:11  Mutalisk  
  59  9:15  Infestation Pit  
  59  9:16  Mutalisk, Drone  
  61  9:22  Mutalisk, Spine Crawler  
  64  9:25  Spine Crawler  
  64  9:26  Drone  
  64  9:49  Extractor  
  64  9:51  Extractor  
  64  9:52  Drone  
  63  10:11  Drone  
  63  10:12  Drone  
  63  10:14  Drone  
  66  10:15  Drone  
  66  10:16  Drone  
  66  10:18  Drone  
  66  10:19  Hive  
  69  10:24  Corruptor  
  69  10:25  Hatchery  
  61  10:36  Zergling x2  
  60  10:46  Infestor  
  60  10:48  Pneumatized Carapace  
  62  11:00  Overseer  
  62  11:31  Greater Spire  
  62  11:36  Corruptor  
  62  11:37  Drone  
  62  11:39  Drone  
  66  11:40  Drone  
  66  11:41  Drone  
  66  11:43  Drone  
  66  11:44  Extractor, Drone  
  66  11:46  Drone  
  70  11:47  Corruptor, Extractor  
  70  11:48  Drone, Overlord  
  70  11:49  Drone  
  70  11:51  Drone  
  70  11:52  Drone  
  70  11:54  Drone  
  76  11:55  Drone  
  76  11:56  Drone  
  76  11:58  Drone  
  76  11:59  Drone  
  76  12:00  Infestor  
  82  12:06  Drone, Overlord  
  82  12:07  Drone  
  84  12:09  Drone  
  84  12:15  Zerg Melee Weapons Level 2  
  85  12:22  Overseer  
  85  12:25  Overlord  
  85  12:34  Spore Crawler, Overseer  
  84  12:39  Zerg Ground Armor Level 2  
  84  12:40  Spore Crawler  
  84  12:43  Brood Lord, Drone, Overlord  
  88  12:44  Brood Lord, Corruptor, Drone  
  88  12:45  Brood Lord  
  93  12:51  Overseer  
  93  13:00  Corruptor  
  93  13:01  Overlord  
  93  13:04  Overseer  
  93  13:05  Spine Crawler  
  94  13:10  Spine Crawler  
  93  13:19  Corruptor  
  93  13:20  Drone, Overlord  
  93  13:24  Pathogen Glands  
  96  13:31  Zerg Flyer Weapons Level 1, Brood Lord  
  98  13:37  Corruptor  
  98  13:38  Drone, Queen, Overlord  
  103  13:59  Overlord  
  103  14:01  Overseer, Drone, Ultralisk Cavern  
  103  14:16  Spire  
  102  14:17  Overseer, Overlord  
  102  14:18  Drone  
  102  14:23  Roach  
  105  14:31  Zerg Missile Weapons Level 2  
  104  14:34  Roach  
  104  14:36  Overlord, Hydralisk  
  106  14:45  Overseer  
  106  14:47  Overlord  
  106  14:48  Overseer  
  106  14:51  Overseer  
  106  14:52  Overlord  
  106  15:10  Overlord, Roach  
  106  15:13  Roach  
  110  15:15  Ravager  
  110  15:16  Ravager  
  110  15:20  Overseer, Overlord  
  112  15:30  Overseer, Overlord  
  112  15:40  Overseer, Overlord  
  112  15:47  Zerg Flyer Armor Level 1  
  112  15:51  Overseer, Overlord  
  112  15:58  Hatchery, Roach  
  112  16:01  Overseer  
  112  16:02  Overlord  
  113  16:08  Zerg Melee Weapons Level 3  
  113  16:11  Overseer  
  113  16:12  Overlord  
  113  16:22  Overseer, Overlord  
  113  16:34  Overseer, Overlord  
  113  16:48  Overseer, Overlord x2  
  113  16:56  Zerg Ground Armor Level 3  
  113  16:57  Overseer  
  113  17:06  Overlord, Roach  
  113  17:08  Overseer, Glial Reconstitution  
  115  17:10  Hydralisk  
  115  17:13  Hydralisk  
  119  17:23  Overseer  
  119  17:24  Extractor, Overlord  
  119  17:25  Zergling x2  
  119  17:27  Spore Crawler  
  119  17:28  Extractor, Roach  
  119  17:32  Roach  
  119  17:33  Spore Crawler  
  119  17:36  Roach  
  114  17:37  Spore Crawler  
  114  17:39  Roach  
  114  17:41  Hydralisk  
  114  17:43  Overseer, Overlord  
  113  17:44  Roach  
  113  17:47  Roach  
  113  17:50  Roach  
  117  17:54  Roach  
  117  17:57  Roach  
  111  18:00  Spine Crawler, Roach  
  111  18:02  Overlord  
  111  18:03  Roach  
  111  18:04  Drone, Queen  
  111  18:05  Drone, Spine Crawler, Hydralisk  
  108  18:07  Drone  
  108  18:08  Drone  
  108  18:09  Roach  
  108  18:10  Drone  
  108  18:11  Infestor, Drone  
  114  18:13  Drone  
  114  18:14  Hydralisk  
  114  18:15  Drone  
  114  18:17  Hydralisk  
  117  18:20  Hydralisk, Overlord  
  117  18:21  Overseer  
  117  18:24  Overlord x2  
  117  18:26  Tunneling Claws  
  119  18:34  Overseer, Overlord  
  119  18:41  Zerg Flyer Weapons Level 2  
  115  18:42  Hydralisk  
  115  18:45  Zerg Missile Weapons Level 3, Infestor  
  119  18:53  Overlord, Roach  
  121  18:56  Roach  
  123  19:10  Zerg Flyer Armor Level 2  
  123  19:12  Overlord  
  123  19:46  Overseer  
  123  19:47  Overlord  
  123  20:52  Overseer, Overlord  
  123  20:54  Overseer  
  123  20:57  Overseer  
  123  20:59  Zerg Flyer Weapons Level 3  
  121  21:10  Overlord  
  121  21:11  Roach  
  123  21:16  Hatchery  
  122  21:24  Overseer  
  122  21:28  Zerg Flyer Armor Level 3  
  122  21:29  Overseer  
  122  21:30  Overlord  
  122  21:40  Overseer, Overlord  
  122  21:55  Overseer, Overlord  
  122  22:04  Overseer  
  122  22:05  Overlord  
  122  22:16  Overseer  
  122  22:17  Overlord  
  122  22:28  Drone  
  122  22:29  Overseer, Queen  
  125  22:30  Overlord  
  125  22:38  Extractor  
  125  22:39  Drone  
  125  22:40  Spore Crawler  
  125  22:42  Overseer  
  125  22:43  Spore Crawler, Overlord  
  123  22:44  Extractor  
  123  22:48  Drone  
  123  22:50  Drone  
  124  22:51  Drone  
  125  23:02  Overseer, Overlord  
  125  23:08  Spine Crawler  
  125  23:10  Drone  
  125  23:12  Overseer, Spine Crawler  
  125  23:13  Overlord  
  124  23:20  Drone  
  124  23:25  Overseer  
  124  23:26  Overlord  
  125  23:38  Overseer  
  125  23:39  Overlord  
  125  23:58  Overlord  
  125  24:01  Overseer  
  125  24:09  Overseer, Overlord  
  123  24:17  Overseer  
  123  24:22  Chitinous Plating, Ultralisk  
  112  24:26  Overlord  
  112  24:28  Hydralisk  
  104  24:40  Overseer, Overlord  
  104  24:50  Overseer, Overlord  
  104  24:55  Overseer  
  104  24:56  Overlord  
  104  25:13  Hydralisk  
  104  25:14  Overlord  
  104  25:17  Hydralisk  
  105  25:21  Zergling x2  
  105  25:24  Hydralisk  
  105  25:27  Overseer  
  107  25:29  Overlord  
  107  25:30  Overseer, Overlord  
  107  25:47  Overseer, Overlord  
  107  25:57  Overseer, Overlord  
  107  26:13  Overseer, Overlord  
  107  26:23  Overseer  
  107  26:24  Overlord  
  107  26:35  Overseer  
  107  26:36  Overlord  
  107  26:39  Overlord  
  97  26:40  Overlord  
  97  26:46  Overseer, Overlord  
  93  26:56  Lair, Overlord  
  93  26:57  Hatchery  
  92  27:02  Overlord  
  92  27:10  Overseer  
  92  27:11  Overseer  
  92  27:17  Overlord  
  92  27:20  Hydralisk  
  94  27:28  Overseer, Overlord  
  94  27:29  Overseer  
  94  27:35  Overlord  
  87  27:38  Overlord x2  
  87  27:41  Overlord  
  85  27:47  Evolution Chamber  
  85  27:49  Overlord  
  80  27:52  Overlord  
  80  27:55  Overseer  
  80  27:58  Overlord  
  80  28:00  Overlord  
  80  28:03  Overseer, Spire  
  75  28:13  Spawning Pool  
  75  28:14  Overlord  
  75  28:16  Overseer, Overlord  
  73  28:20  Evolution Chamber, Overlord  
  73  28:21  Overlord x2  
  67  28:30  Overlord  
  65  28:34  Overseer  
  65  28:36  Overlord  
  65  28:38  Overseer  
  65  28:41  Overlord  
  65  28:42  Extractor  
  58  28:48  Spire  
  58  28:51  Evolution Chamber, Overseer  
  58  28:54  Extractor  
  55  29:01  Overlord  
  52  29:03  Overseer  
  52  29:04  Infestation Pit  
  52  29:08  Overseer  
  46  29:14  Evolution Chamber  
  35  29:19  Spawning Pool  
  35  29:20  Drone, Overlord  
  35  29:21  Drone  
  34  29:36  Hatchery  
  34  29:37  Drone  
  34  29:43  Overlord  
  34  29:44  Drone  
  33  29:46  Drone  
  34  29:53  Extractor, Drone  
  34  30:01  Drone  
  34  30:02  Overlord  
  32  30:07  Zergling x2  
  32  30:09  Roach Warren  
  32  30:11  Drone  
  27  30:21  Overlord  
  27  30:41  Overlord  
  27  30:46  Drone, Extractor  
  27  30:48  Drone  
  27  30:49  Drone  
  29  30:59  Drone  
  29  31:00  Drone  
  31  31:09  Overlord  
  31  31:10  Drone  
  32  31:12  Hatchery  
  31  31:20  Drone  
  31  31:22  Drone  
  31  31:25  Extractor  
  32  31:27  Evolution Chamber  
  32  31:29  Spawning Pool  
  32  31:31  Evolution Chamber, Drone  
  31  31:32  Drone  
  31  31:36  Extractor  
  30  31:41  Overlord  
  30  31:42  Drone  
  31  31:52  Drone  
  31  31:54  Drone  
  33  32:03  Drone  
  33  32:04  Drone  
  35  32:13  Overlord  
  35  32:17  Spore Crawler, Drone, Queen  
  35  32:19  Spore Crawler  
  35  32:21  Lair, Baneling Nest  
  35  32:25  Drone, Roach Warren  
  35  32:27  Zergling x2  
  35  32:35  Drone  
  35  32:36  Zergling x2  
  31  32:46  Zergling x2  
  31  32:47  Spore Crawler  
  31  32:50  Zergling x2  
  26  32:57  Drone, Zergling x2  
  28  33:04  Hatchery  
  27  33:07  Drone  
  27  33:08  Spine Crawler, Roach  
  28  33:16  Spine Crawler  
  28  33:18  Overseer, Drone, Zergling x2  
  28  33:20  Overseer x2  
  28  33:23  Overlord  
  28  33:24  Drone, Roach  
  31  33:30  Drone, Roach  
  34  33:39  Hydralisk Den  
  34  33:40  Drone  
  34  33:41  Drone  
  34  33:42  Infestation Pit  
  34  33:44  Spire  
  31  33:50  Roach  
  31  33:52  Drone  
  33  33:55  Overlord  
  33  33:56  Drone, Roach  
  33  34:00  Hatchery  
  33  34:01  Zergling x2  
  36  34:03  Drone  
  35  34:12  Drone  
  35  34:14  Drone  
  35  34:16  Hatchery  
  31  34:22  Ravager, Zergling x2  
  31  34:23  Overseer  
  33  34:24  Overlord  
  33  34:26  Ravager  
  33  34:27  Hydralisk  
  33  34:28  Drone  
  33  34:29  Drone  
  38  34:33  Hydralisk  
  38  34:34  Spore Crawler  
  38  34:36  Roach  
  41  34:41  Extractor  
  41  34:43  Overlord  
  40  34:47  Roach  
  40  34:50  Extractor, Hive  
  35  34:54  Drone  
  35  34:55  Overseer  
  33  35:02  Drone, Hydralisk  
  33  35:03  Drone  
  33  35:05  Infestation Pit  
  33  35:06  Zergling x2  
  33  35:07  Evolution Chamber  
  36  35:11  Hydralisk  
  36  35:12  Drone  
  34  35:15  Queen, Ravager  
  34  35:16  Drone  
  31  35:22  Hydralisk  
  31  35:27  Drone  
  30  35:29  Spore Crawler  
  30  35:30  Overseer  
  30  35:33  Drone  
  13  35:37  Roach  
  13  35:38  Spore Crawler  
  14  35:43  Hydralisk  
  14  35:49  Drone  
  17  35:54  Evolution Chamber, Overlord  
  16  35:59  Evolution Chamber  
  15  36:05  Drone  
  15  36:07  Spawning Pool  
  15  36:09  Drone  
  16  36:16  Drone  
  17  36:20  Drone, Overlord  
  17  36:22  Drone  
  17  36:23  Overseer  
  19  36:30  Drone  
  19  36:32  Overlord  
  19  36:35  Hydralisk Den, Drone  
  19  36:36  Drone  
  19  36:38  Drone  
  12  36:41  Spire  
  12  36:42  Drone  
Tags
 
Add a new tag
Caveats
  • Supply blocks, unpowered buildings, or Contaminate may cause inaccurate times.
  • Supply counts are checked every 10 seconds.